 Dungeon Crawl Stone Soup version 0.30.0-10-gfe55d96785 (webtiles) character file.

Game seed: 6278215830827131138

273 mdonais the Trooper (level 6, 0/91 (102) HPs)
             Began as an Ogre Cinder Acolyte on May 16, 2023.
             Was a High Priest of Ignis.
             Slain by a wight
             ... wielding a +3 falchion
              (7 damage)
             ... on level 6 of the Dungeon.
             The game lasted 00:07:05 (2563 turns).

mdonais the Trooper (Ogre Cinder Acolyte)           Turns: 2563, Time: 00:07:05

HP:   0/91 (102)    AC:  4    Str: 19    XL:     6   Next: 23%
MP:   7/7           EV:  9    Int: 15    God:    Ignis [*****.]
Gold: 137           SH:  0    Dex:  6    Spells: 5/7 levels left

rFire   + . .        a - -1 mace (flame)
rCold   . . .        (no shield)
rNeg    . . .        i - +1 robe
rPois   .            (helmet restricted)
rElec   .            l - scarf {shadows}
rCorr   .            (gloves unavailable)
SInv    .            (boots unavailable)
Will    .....        (no amulet) Stlth
                     (no ring)
HPRegen 0.35/turn    (no ring)
MPRegen 0.10/turn

%: no passive effects
@: mighty, berserking, weak-willed, heavily drained, very quick
A: large, unfitting armour, tough skin 1
a: Renounce Religion, Fiery Armour, Foxfire Swarm, Rising Flame


You were on level 6 of the Dungeon.
You worshipped Ignis.
Ignis was extremely pleased with you.
You visited 1 branch of the dungeon, and saw 4 of its levels.

You collected 137 gold pieces.

Inventory:

Hand Weapons
 a - a -1 mace of flaming (weapon)
 b - a +0 sling
   (You took it off a goblin on level 2 of the Dungeon)
Armour
 i - a +1 robe (worn)
   (You took it off Sigmund on level 2 of the Dungeon)
 l - a scarf of shadows (worn)
   (You found it on level 1 of the Dungeon)
Wands
 c - a wand of mindburst (9)
   (You found it on level 6 of the Dungeon)
Scrolls
 d - 3 scrolls of fear
 e - a scroll of vulnerability
 f - 2 scrolls of identify {unknown}
 g - a scroll of amnesia {unknown}
 h - a scroll of noise
 k - a scroll of teleportation {unknown}
 m - a scroll of fog {unknown}
 M - a scroll of magic mapping
Potions
 p - a potion of mutation {unknown}
 q - a potion of haste {unknown}


   Skills:
 + Level 6.9 Fighting
 + Level 4.7 Maces & Flails
 - Level 1.2 Spellcasting
 - Level 2.6 Fire Magic


You had 5 spell levels left.
You knew the following spells:

 Your Spells              Type           Power      Damage    Failure   Level
a - Scorch                Fire           16%        2d6       12%         2

Your spell library contained the following spells:

 Spells                   Type           Power      Damage    Failure   Level


Dungeon Overview and Level Annotations

Branches:
Dungeon (3/15) Zot: 21383

Altars:

Annotations:
D:2 1 runed translucent door, Crazy Yiuf


Innate Abilities, Weirdness & Mutations

You are too large for most types of armour.
You have tough skin. (AC +1)


Message History

You kill Sigmund!
Your Fighting skill increases to level 6!
Your Maces & Flails skill increases to level 4!
You have reached level 5!
You have reached level 6!
You feel stronger.
You regained 15 hp, and now have 61/68 hp.
Things that are here:
a +0 scythe; a +1 robe You see here a +0 leather armour.
Things that are here:
a +0 scythe; a +1 robe
i - a +1 robe You see here a +0 leather armour.
You start removing your armour.
You continue taking off your +0 robe. x4
You finish taking off your +0 robe.
You start putting on your armour.
You continue putting on your +1 robe. x5
You finish putting on your +1 robe.
You regained 3 hp, and now have 67/68 hp.
You start putting on your armour.
You continue putting on your scarf of shadows. x4
You finish putting on your scarf of shadows.
It gets dark.
Health restored: 68 You drop a +0 robe.
A jackal comes into view.
The jackal bites you but does no damage.
You see here a +0 leather armour.
You barely miss the jackal.
The jackal bites you but does no damage. x2
You closely miss the jackal. The jackal barely misses you.
The jackal bites you but does no damage.
You closely miss the jackal.
You feel a little less mighty now. The jackal barely misses you.
You hit the jackal. You burn the jackal.
The jackal is moderately wounded.
The jackal bites you but does no damage.
The jackal bites you.
You take 1 damage, and have 67/68 hp.
You hit the jackal. You burn the jackal.
You kill the jackal!
No target in view!
Magic restored.
There is a stone staircase leading down here.
Found a stone staircase leading down.
Health restored: 68; MP restored: 7
There is a stone staircase leading down here.
You open the door.
There is an open door here.
There is an open door here.
There is an open door here.
There is an open door here.
You now have 137 gold pieces (gained 5).
o - a potion of heal wounds Key pressed, stopping explore.
There is an open door here.
There is a stone staircase leading up here.
Partly explored, can't reach some places.
You sock the fungus!
The fungus begins to die.
You burn the fungus.
The fungus is lightly damaged.
You hit the fungus. You burn the fungus.
The fungus is lightly damaged.
You hit the fungus. You burn the fungus.
The fungus is lightly damaged.
You hit the fungus. You burn the fungus.
The fungus is lightly damaged.
You hit the fungus. You burn the fungus.
The fungus is lightly damaged.
A nearby fungus withers and dies.
You sock the fungus!
The fungus begins to die.
You burn the fungus.
The fungus is lightly damaged.
You sock the fungus! You burn the fungus.
The fungus is lightly damaged.
You hit the fungus. You burn the fungus.
The fungus is lightly damaged.
A nearby fungus withers and dies.
Found a runed translucent door.
Found a hammer.
Crazy Yiuf shouts!
Could not explore, unopened runed door.
Could not explore, unopened runed door.
Could not explore, unopened runed door.
(D) Dungeon
Where to? (Enter - D:2, ? - help)
There is a stone staircase leading down here.
You climb downwards.
A sourceless malevolence fills the Dungeon...
You fall into a shaft and drop 3 floors!
The shaft crumbles and collapses.
You hear the hiss of flowing sand.
There is an entrance to an ossuary on this level.
Hurry and find it before the portal is buried!
Found an iron wand.
You see here a +0 club.
As you read the scroll labelled WAATRI ZEMAEMN, it crumbles to dust.
You assume a fearsome visage.
Nothing appears to happen.
It was a scroll of fear.
As you read the scroll labelled SUITUY CUSAA, it crumbles to dust.
You hear a loud clanging noise!
It was a scroll of noise.
You hear an angry hiss. x2
Something shouts, "Beg for mercy, thou quaking dizzy-eyed giglet!"
You hear a shout! x2; You hear an angry growl.
As you read the scroll labelled BABBINOHOE, it crumbles to dust.
You feel aware of your surroundings.
You sensed 3 altars, and 1 shop/portal.
It was a scroll of magic mapping.
M - a scroll of magic mapping
c - a wand of mindburst (9)
A wight comes into view. It is wielding a +3 falchion.
Found a robe.
An adder comes into view.
Found a twisted glowing staff.
Found a stone staircase leading down.
Found 6 stones. 2 wights come into view.
The wight closely misses you.
You can't see any enemies this would affect, really read the scroll of fear?
Okay, then.
You feel very mighty all of a sudden. The wight hits you with a +0 battleaxe.
You feel drained.
The wight hits you from afar with a +1 halberd!
You feel drained.
You take 23 damage, and have 45/65 hp.
MASSIVE DAMAGE!!
You closely miss the wight. The wight hits you with a +0 battleaxe!
The wight closely misses you.
You take 17 damage, and have 28/65 hp.
MASSIVE DAMAGE!!
You feel much better. The wight barely misses you.
The wight hits you from afar with a +1 halberd!
You feel drained. The wight closely misses you.
You regained 4 hp, and now have 32/63 hp.
As you read the scroll labelled LAQINU DAUNWE, it crumbles to dust.
Magic quickly surges around you.
It was a scroll of vulnerability.
The wight hits you with a +0 battleaxe! The wight closely misses you.
The wight hits you with a +3 falchion!
* * * LOW HITPOINT WARNING * * *
You feel drained.
* * * LOW HITPOINT WARNING * * *
You take 21 damage, and have 11/61 hp.
MASSIVE DAMAGE!!
It was a potion of berserk rage.
A red film seems to cover your vision as you go berserk!
You feel yourself moving faster!
You feel mighty! The wight barely misses you. x2
The wight hits you with a +3 falchion!
* * * LOW HITPOINT WARNING * * *
A white imp comes into view.
You now have 7/91 hp.
You barely miss the wight.
The white imp shouts, "Out, out, thou qualling limp-willed pimple!"
You hear an angry hiss.
You barely miss the wight. The wight hits you with a +3 falchion!
You die...

,,,,** #..#.#### *,*
,,,,********#...S..### *,*
,,*,,,,,,,....#..#z..## *,*
,,******,..5....###...##***,*
*,*****,,.....z##,##.S.#*,,,*
*,,,,**,,[....#*,∩,##..##,***
****,,*,,......+*,##z...#,*
**,,,,,....z.###.....#,*
**,,,,.....z@#........#
******,,,,.......zS....|###
,,*,,,,,<,.......>....#..#*****
*,*,,,,,,,............##...,,,*
*,,,,,,,<,.....##(##..#*...,,,*
,*,,,,,,,,.###.,...,.##**,,,,,*
,,,*,,,***,* ##*.#.,.# *,,,,,*
,,,,,,** *,*****.*.,,* *,,,,,*
,,,,<** *,,,,**,,,,,****,,,,,*


You could see 3 wights, an adder (weak-willed) and a white imp.

Vanquished Creatures
  Sigmund (D:2)
  4 adders (D:2)
  A worm (D:2)
  A dart slug (D:1)
  3 bats
  4 endoplasms
  4 giant cockroaches
  4 hobgoblins
  7 jackals
  6 quokkas
  4 ball pythons (D:1)
  5 frilled lizards
  5 goblins
  7 kobolds
  4 rats
60 creatures vanquished.

Notes
Turn   | Place    | Note
-------+----------+-------------------------------------------
     0 | D:1      | mdonais the Ogre Cinder Acolyte began the quest for the
                  | Orb.
     0 | D:1      | Reached XP level 1. HP: 24/24 MP: 2/2
   225 | D:1      | Reached XP level 2. HP: 30/33 MP: 3/3
   231 | D:1      | Learned a level 2 spell: Scorch
   584 | D:1      | Reached XP level 3. HP: 38/41 MP: 4/4
   981 | D:1      | Reached skill level 5 in Fighting
  1537 | D:2      | Reached XP level 4. HP: 42/50 MP: 5/5
  2153 | D:2      | Noticed Sigmund
  2162 | D:2      | Killed Sigmund
  2163 | D:2      | Reached skill level 6 in Fighting
  2163 | D:2      | Reached XP level 5. HP: 54/61 MP: 1/6
  2163 | D:2      | Reached XP level 6. HP: 61/68 MP: 1/7
  2469 | D:2      | Found a runed translucent door.
  2470 | D:2      | Noticed Crazy Yiuf
  2539 | D:3      | You fall into a shaft and drop 3 floors!
  2563 | D:6      | Slain by a wight

Illustrated notes

Levels and vault maps discovered:
D:1:      dpeg_arrival_line_fractal, layout_basic,
          corexii_item_surrounded_by_moat, minmay_cut_off
D:2:      layout_loops_corners, hangedman_decor_points, uniq_crazy_yiuf_cottage,
          uniq_sigmund
D:3:      kennysheep_big_flooded_room, layout_loops_cross, serial_bayou_crossing
D:6:      layout_rooms, mainiacjoe_overflow_small_starburst, marbit_many_paths,
          trog_wizard, enter_ossuary_5

Skill      XL: |  1  2  3  4 |
---------------+-------------+-----
Maces & Flails | 3 4 |  4.7
Fighting       | 5 6 |  6.9
Spellcasting   | |  1.2
Fire Magic     | |  2.6

Action                     |  1- 3 |  4- 6 || total
---------------------------+-------+-------++-------
  Melee: Mace              |   139 |    90 ||   229
         Punch             |       |     1 ||     1
   Fire: Sling             |       |    20 ||    20
   Cast: Scorch            |       |     2 ||     2
    Use: Potion            |       |     5 ||     5
         Scroll            |       |     4 ||     4
 Armour: Robe              |    49 |    30 ||    79
  Dodge: Dodged            |    65 |    62 ||   127
